Map: [ESL] Moondance

Players

Neeb - Winner!

  • Race: Protoss Protoss
  • Spawn Location: 12:00

DRG

  • Race: Zerg Zerg
  • Spawn Location: 6:00

Event: DreamHack SC2 Masters 2022 Valencia

VOD

Have the link to the VOD?

Description

Time

  • Played on: July 2, 2022, 12:42 p.m.
  • Length: 13:52

All games in this series

Show
View Real Time Build Order
Export as new Build Order

Neeb Protoss - Winner!

Build Orders: 1 Gate Expand, Oracle Opening 

Get SALT Encoding   

  12  0:00  Probe  
  13  0:12  Probe  
  14  0:17  Pylon  
  14  0:24  Probe (Chrono Boost)  
  15  0:36  Probe (Chrono Boost)  
  15  0:39  Gateway  
  16  0:44  Probe (Chrono Boost)  
  16  0:47  Assimilator  
  17  0:51  Probe  
  18  1:03  Probe  
  19  1:15  Probe  
  20  1:23  Nexus  
  20  1:32  Cybernetics Core  
  20  1:36  Probe  
  21  1:43  Assimilator  
  21  1:48  Probe  
  21  1:50  Pylon  
  22  2:00  Probe (Chrono Boost)  
  23  2:06  Warp Gate (Chrono Boost)  
  23  2:08  Stalker  
  23  2:11  Probe (Chrono Boost)  
  26  2:16  Probe (Chrono Boost)  
  27  2:26  Probe (Chrono Boost)  
  28  2:35  Probe (Chrono Boost)  
  28  2:36  Gateway  
  30  2:38  Adept, Probe (Chrono Boost)  
  33  2:46  Probe x2 (Chrono Boost)  
  33  2:50  Gateway  
  34  2:52  Probe  
  34  2:53  Probe  
  36  3:01  Stargate  
  36  3:05  Probe  
  37  3:06  Probe  
  37  3:09  Adept  
  40  3:15  Pylon  
  40  3:17  Probe  
  40  3:18  Probe  
  42  3:29  Probe  
  42  3:30  Probe  
  44  3:36  Pylon  
  45  3:42  Oracle (Chrono Boost)  
  45  3:43  Probe  
  45  3:47  Adept x2  
  53  3:49  Adept  
  53  3:50  Pylon  
  53  3:54  Probe  
  53  3:55  Probe  
  56  4:09  Adept  
  58  4:10  Adept x2  
  58  4:12  Oracle (Chrono Boost)  
  65  4:19  Nexus  
  65  4:21  Probe  
  65  4:23  Probe  
  67  4:32  Assimilator  
  67  4:34  Assimilator  
  67  4:35  Pylon, Probe  
  67  4:37  Probe  
  69  4:46  Forge  
  69  4:47  Probe  
  69  4:48  Twilight Council  
  69  4:49  Probe  
  69  4:55  Pylon  
  69  4:58  Gateway  
  69  4:59  Probe  
  70  5:01  Probe  
  71  5:11  Probe  
  71  5:13  Probe  
  73  5:15  Blink (Chrono Boost)  
  73  5:18  Protoss Ground Weapons Level 1 (Chrono Boost)  
  73  5:22  Stalker x3  
  73  5:24  Probe  
  73  5:26  Probe  
  81  5:32  Probe  
  82  5:40  Nexus, Probe x2  
  84  5:44  Pylon  
  84  5:52  Stalker x2  
  84  5:53  Stalker  
  84  5:55  Probe  
  91  6:02  Stalker  
  93  6:04  Probe  
  93  6:05  Probe, Robotics Facility  
  93  6:07  Shield Battery  
  95  6:14  Probe  
  95  6:17  Probe  
  95  6:18  Forge  
  98  6:19  Stalker x2  
  98  6:22  Pylon  
  101  6:26  Stalker  
  101  6:27  Stalker  
  101  6:30  Pylon  
  101  6:31  Probe  
  101  6:32  Probe  
  107  6:35  Probe  
  107  6:38  Shield Battery  
  106  6:44  Probe  
  107  6:48  Probe  
  107  6:53  Stalker  
  110  6:54  Stalker x2  
  110  6:55  Stalker  
  110  7:00  Protoss Ground Armor Level 1 (Chrono Boost)  
  115  7:01  Probe  
  115  7:06  Probe  
  115  7:07  Observer, Probe  
  118  7:08  Charge  
  118  7:09  Probe  
  118  7:13  Probe  
  120  7:15  Protoss Ground Weapons Level 2 (Chrono Boost)  
  120  7:18  Probe, Gateway  
  120  7:19  Probe, Gateway  
  122  7:23  Gateway  
  122  7:24  Gateway  
  122  7:26  Probe  
  123  7:30  Gateway  
  123  7:32  Probe  
  123  7:33  Gateway  
  123  7:34  Assimilator  
  123  7:35  Probe, Assimilator  
  123  7:36  Pylon, Probe, Assimilator  
  126  7:42  Probe  
  127  7:47  Probe  
  127  7:48  Pylon, Probe  
  127  7:49  Pylon  
  127  7:50  Pylon x2  
  129  7:54  Probe x2  
  129  7:56  Observer  
  131  7:59  Probe  
  131  8:01  Stalker  
  131  8:02  Stalker x3  
  131  8:03  Templar Archives  
  140  8:23  Observer  
  140  8:30  Stalker  
  140  8:31  Stalker x4  
  140  8:32  Stalker x3  
  140  8:33  Stalker  
  140  8:34  Stalker  
  160  8:45  Observer  
  160  8:50  Nexus  
  160  8:51  Pylon  
  160  8:52  Protoss Shields Level 1 (Chrono Boost), Psionic Storm  
  160  8:59  Pylon  
  160  9:02  High Templar x3  
  166  9:03  Zealot x3  
  166  9:08  Pylon  
  166  9:09  Pylon  
  172  9:12  Photon Cannon, Pylon  
  172  9:14  Photon Cannon  
  172  9:15  Zealot x2  
  172  9:16  Photon Cannon, Zealot  
  178  9:17  High Templar  
  178  9:18  Protoss Ground Weapons Level 3 (Chrono Boost)  
  180  9:27  Assimilator  
  180  9:29  Assimilator  
  180  9:30  High Templar  
  180  9:31  Warp Prism  
  182  9:32  Photon Cannon  
  184  9:39  Zealot x5  
  178  9:47  Stalker x3  
  174  9:53  Stalker  
  176  10:03  Zealot x5  
  184  10:09  Archon x2  
  152  10:15  Stalker  
  152  10:16  Zealot x4  
  152  10:18  Probe  
  152  10:19  Probe  
  152  10:23  Probe  
  152  10:27  Zealot x4  
  144  10:34  Probe  
  143  10:36  Probe x2  
  143  10:37  Probe x2  
  147  10:44  High Templar x5  
  147  10:45  High Templar  
  159  10:50  Protoss Ground Armor Level 2 (Chrono Boost)  
  159  10:51  Photon Cannon, Archon x3  
  159  10:52  Shield Battery  
  159  10:54  Photon Cannon  
  159  10:56  Photon Cannon  
  159  11:03  High Templar  
  159  11:04  High Templar x2  
  165  11:08  Photon Cannon  
  165  11:10  Photon Cannon  
  165  11:14  Shield Battery  
  165  11:16  High Templar  
  165  11:17  High Templar  
  165  11:18  Zealot x5  
  179  11:27  Robotics Facility  
  179  11:32  Pylon  
  179  11:36  Gateway  
  179  11:38  Gateway  
  177  11:40  Gateway  
  177  11:43  High Templar x4  
  185  11:47  Archon  
  185  11:48  Archon  
  185  11:53  Archon  
  179  11:57  Stalker x5  
  166  12:02  Archon  
  152  12:09  Stalker  
  144  12:21  High Templar x3  
  144  12:22  High Templar  
  152  12:23  Nexus  
  152  12:25  Zealot x5  
  152  12:27  Photon Cannon  
  152  12:28  Photon Cannon  
  152  12:29  Photon Cannon, Immortal (Chrono Boost)  
  166  12:30  Shield Battery  
  166  12:43  Assimilator  
  166  12:47  Assimilator  
  166  12:48  Zealot x4  
  166  12:49  Zealot x5  
  184  13:02  Observer (Chrono Boost)  
  184  13:03  Probe  
  178  13:07  Zealot x3  
  178  13:08  Zealot  
  178  13:09  Zealot x7  
  178  13:11  High Templar x4  
  178  13:12  Zealot x8  
  198  13:16  Archon x2  
  182  13:30  Zealot  
  182  13:33  Zealot x7  
  182  13:34  Zealot  
  179  13:52  Archon  
Show
View Real Time Build Order
Export as new Build Order

DRG Zerg 

Build Orders: Hatch First 

Get SALT Encoding   

  12  0:00  Drone  
  13  0:12  Overlord  
  13  0:17  Drone  
  14  0:30  Drone x2  
  14  0:34  Drone  
  17  0:51  Hatchery  
  17  0:54  Drone  
  17  0:57  Drone  
  18  1:09  Extractor  
  17  1:12  Spawning Pool  
  17  1:15  Drone  
  17  1:20  Drone  
  18  1:28  Drone  
  19  1:39  Drone  
  20  1:50  Drone  
  21  2:00  Overlord  
  21  2:02  Queen  
  21  2:03  Queen  
  21  2:05  Zergling x2  
  26  2:11  Zergling x2  
  26  2:13  Metabolic Boost  
  27  2:16  Drone  
  27  2:21  Drone  
  29  2:24  Drone  
  30  2:32  Drone  
  30  2:35  Drone  
  32  2:42  Hatchery  
  31  2:45  Queen  
  31  2:50  Overlord  
  33  2:53  Drone  
  33  2:57  Drone  
  35  3:00  Overlord  
  35  3:04  Drone  
  36  3:10  Drone x4  
  40  3:16  Queen  
  40  3:19  Drone  
  43  3:20  Drone  
  43  3:25  Queen  
  46  3:29  Overlord  
  46  3:33  Drone  
  47  3:40  Drone x2  
  49  3:43  Drone x3  
  52  3:51  Spore Crawler  
  52  3:52  Spore Crawler  
  52  3:53  Zergling x8  
  54  3:58  Spore Crawler, Zergling x2  
  54  4:00  Zergling x2  
  55  4:04  Overlord  
  55  4:08  Evolution Chamber  
  55  4:09  Zergling x4  
  55  4:17  Queen  
  55  4:18  Overlord  
  55  4:19  Overlord  
  55  4:24  Zergling x6  
  60  4:26  Zergling x2  
  60  4:30  Zergling x4  
  63  4:33  Zerg Melee Weapons Level 1  
  63  4:39  Queen  
  63  4:42  Drone  
  63  4:45  Drone  
  65  4:47  Drone x2  
  65  4:49  Drone  
  68  4:53  Drone x3  
  68  4:59  Drone x3  
  74  5:04  Overlord  
  74  5:05  Drone x2  
  77  5:07  Drone  
  77  5:10  Drone  
  77  5:11  Overlord  
  79  5:14  Drone x2  
  79  5:20  Zergling x8  
  80  5:26  Zergling x8  
  84  5:29  Overlord  
  84  5:38  Hatchery  
  84  5:40  Drone  
  84  5:43  Drone  
  84  5:44  Drone x4  
  84  5:45  Drone  
  84  5:46  Drone  
  84  5:49  Drone  
  92  5:51  Roach Warren  
  91  5:59  Drone  
  91  6:00  Drone x2, Zergling x2  
  91  6:01  Zergling x6  
  91  6:04  Lair  
  96  6:07  Overlord  
  96  6:10  Drone x3  
  99  6:12  Extractor  
  99  6:13  Extractor  
  99  6:14  Extractor, Drone x2  
  98  6:18  Overlord  
  98  6:20  Drone x2  
  100  6:26  Zergling x10  
  104  6:34  Zergling x12  
  110  6:40  Roach x2  
  110  6:45  Zerg Ground Armor Level 1  
  110  6:46  Evolution Chamber, Zergling x2  
  114  6:47  Overlord  
  114  6:53  Roach x6  
  125  7:01  Roach  
  127  7:03  Overlord x2  
  127  7:07  Overlord  
  127  7:08  Drone  
  127  7:09  Drone x4  
  127  7:10  Glial Reconstitution  
  127  7:12  Zerg Melee Weapons Level 2  
  132  7:16  Overlord  
  132  7:18  Zergling x6  
  132  7:22  Overlord  
  135  7:23  Drone  
  135  7:24  Drone x2  
  135  7:29  Zergling x2  
  141  7:30  Baneling Nest, Zergling x4  
  141  7:32  Roach  
  141  7:33  Roach  
  144  7:38  Overseer  
  144  7:40  Overlord  
  144  7:46  Drone x5  
  144  7:49  Drone x4  
  151  7:52  Extractor  
  151  7:53  Spore Crawler, Extractor  
  151  7:55  Drone x8  
  156  7:58  Extractor, Overlord  
  156  8:01  Zergling x6  
  157  8:06  Overlord  
  157  8:07  Overseer  
  157  8:08  Overlord x2  
  157  8:17  Centrifugal Hooks  
  157  8:21  Zergling x6  
  160  8:28  Zergling x16  
  160  8:29  Hatchery  
  167  8:34  Zergling x14  
  167  8:39  Roach  
  173  8:46  Zergling x12  
  179  8:49  Zerg Ground Armor Level 2  
  179  8:51  Zergling x6  
  179  8:52  Zergling x8  
  186  8:56  Roach x3  
  186  8:59  Ravager x5  
  197  9:07  Baneling x5  
  197  9:14  Baneling x7  
  197  9:15  Baneling x17  
  197  9:21  Baneling x5  
  197  9:23  Baneling, Zergling x6  
  200  9:32  Infestation Pit  
  200  9:34  Zerg Missile Weapons Level 1  
  198  9:41  Zergling x16  
  198  9:43  Zergling x4  
  198  9:44  Zergling x14  
  194  9:51  Zergling x24  
  195  9:53  Zergling x8  
  195  9:59  Zergling x2  
  199  10:05  Zergling x10  
  191  10:13  Zergling x12  
  163  10:18  Roach x8  
  159  10:21  Zergling x2  
  159  10:22  Zergling x6  
  159  10:26  Roach x3  
  148  10:31  Roach x2  
  143  10:36  Roach x3  
  143  10:39  Baneling x6  
  143  10:41  Roach x5  
  159  10:47  Hive  
  159  10:50  Zergling x12  
  159  10:53  Zergling x4  
  159  10:56  Zergling x6  
  170  11:03  Ravager x3  
  170  11:04  Ravager x8  
  178  11:08  Zergling x12  
  184  11:12  Zergling x10, Overseer  
  184  11:18  Drone x3  
  192  11:19  Overlord  
  192  11:21  Overlord  
  192  11:22  Baneling x6  
  192  11:26  Zergling x8  
  192  11:30  Overlord  
  192  11:31  Baneling  
  192  11:32  Baneling x8  
  196  11:36  Zergling x4  
  196  11:38  Baneling x8  
  196  11:39  Baneling x3  
  197  11:45  Spine Crawler  
  196  11:50  Spine Crawler  
  196  11:51  Zergling x20  
  186  12:05  Zergling x8  
  186  12:06  Zergling x20  
  176  12:14  Roach x7  
  165  12:24  Baneling x8  
  165  12:37  Baneling x7  
  165  12:40  Hatchery  
  164  12:45  Zergling x4  
  164  12:46  Zergling x12  
  172  12:58  Zergling x22  
  166  13:05  Zergling x14  
  169  13:13  Zergling x14  
  170  13:20  Zergling x4  
  170  13:21  Zergling x10  
  176  13:28  Zergling x14  

Tags
 
Add a new tag
Caveats
  • Supply blocks, unpowered buildings, or Contaminate may cause inaccurate times.
  • Supply counts are checked every 10 seconds.